AoeStats
← Daniel Gaming

Hideout

509810026Analyzed
1v1 RM · 5d ago on Sep 28, 2026· 45m 19s· 2 players
Game mode
Random Map
Map size
Tiny (2 player)
Population
200
Speed
Normal
Resources
Standard
Victory
Conquest
Starting age
Dark Age
Ending age
Imperial Age
RankedLock teamsTeams togetherTeam positionsShared explorationLock speedFull tech treeHidden civsTurbo modeCheats
Victory
Defeat
🇳🇿 Japanese · New Zealand
1106
+16
🇺🇸 Tatars · United States
1111
-16
woodicus
6:47 Loom
9:54 Feudal Age
10:09 Man-at-Arms
11:28 Double-Bit Axe
11:51 Town Watch
12:16 Horse Collar
15:05 Fletching
22:56 Castle Age
22:53 Padded Archer Armor
24:12 Bow Saw
24:07 Heavy Plow
24:43 Bodkin Arrow
25:35 Gold Mining
26:43 Thumb Ring
27:42 Gold Mining
29:18 Scale Mail Armor
30:07 Town Patrol
30:21 Forging
33:34 Wheelbarrow
36:18 Chain Mail Armor
36:48 Elite Skirmisher
40:52 Imperial Age
38:55 Stone Mining
39:41 Hand Cart
40:39 Masonry
41:01 Capped Ram
42:03 Conscription
43:26 Gold Shaft Mining
43:04 Elite Samurai
44:54 Ballistics
45:39 Bracer
45:55 Leather Archer Armor
46:26 Hoardings
Daniel Gaming
5:14 Loom
9:39 Feudal Age
13:03 Wheelbarrow
17:36 Castle Age
24:09 Double-Bit Axe
24:07 Horse Collar
26:03 Heavy Plow
33:36 Town Watch
34:39 Bow Saw
37:28 Imperial Age
35:59 Fletching
36:17 Scale Barding Armor
39:11 Conscription
40:25 Chain Barding Armor
40:01 Bodkin Arrow
40:40 Stone Mining
40:46 Gold Mining
42:18 Husbandry
42:37 Bloodlines
43:44 Gold Shaft Mining
45:51 Plate Barding Armor
45:17 Bracer
Connection lost

Rejoining the realm…

Still unreachable

The connection could not be restored.

Session expired

The server has moved on; the page needs a fresh start.